 Dungeon Crawl Stone Soup version 0.24-a0-271-ga0fc33f724 (webtiles) character file.

Game seed: 15049072885199542958

27 Redear the Skirmisher (level 2, -1/24 HPs)
             Began as a Mummy Fighter on Apr 23, 2019.
             Slain by an adder (3 damage)
             ... on level 1 of the Dungeon.
             The game lasted 00:00:58 (520 turns).

Redear the Skirmisher (Mummy Fighter)                Turns: 520, Time: 00:00:59

Health: -1/24      AC:  6    Str: 19    XL:     2   Next: 93%
Magic:  2/2        EV:  9    Int:  7    God:
Gold:   18         SH:  0    Dex: 11    Spells: 1/1 levels left

rFire    x . .     SeeInvis .   a - +0 war axe
rCold    + . .     Gourm    .   (no shield)
rNeg     + + +     Faith    .   b - +0 scale mail
rPois    ∞         Spirit   .   (no helmet)
rElec    .         Reflect  .   (no cloak)
rCorr    .         Harm     .   (no gloves)
MR       .....                  (no boots)
Stlth    ..........             (no amulet)
HPRegen  0.08/turn              (no ring)
MPRegen  0.08/turn              (no ring)

@: about to teleport
A: no food or potions, fire vulnerability, cold resistance 1, negative energy
resistance 3, torment resistance, unbreathing
a: no special abilities


You were on level 1 of the Dungeon.
You were not hungry.

You visited 1 branch of the dungeon, and saw 2 of its levels.

You collected 18 gold pieces.

Inventory:

Hand Weapons
 a - a +0 war axe (weapon)
Armour
 b - a +0 scale mail (worn)
 c - a +0 shield
 d - a +0 pair of gloves
Scrolls
 g - a scroll of enchant armour {unknown}


   Skills:
 + Level 3.2 Fighting
 + Level 1.9 Axes
 + Level 2.6 Armour
 + Level 0.7 Dodging
 + Level 2.6 Shields


You had one spell level left.
You didn't know any spells.
Your spell library was empty.

Dungeon Overview and Level Annotations

Branches:
Dungeon (2/15)

Altars:


Innate Abilities, Weirdness & Mutations

You do not eat or drink.
Your flesh is vulnerable to fire.
You are immune to poison.
Your flesh is cold resistant. (rC+)
You are immune to negative energy. (rN+++)
You are immune to unholy pain and torment.
You can survive without breathing.


Message History

You miss the adder. The adder barely misses you. The adder bites you.
* * * LOW HITPOINT WARNING * * *
You take 1 damage, and have 2/24 hp.
Unknown command.
Okay, then.
You can't eat.
You can't eat.
Unknown command.
As you read the scroll labeled JITEABL VIPT, it crumbles to dust.
You feel blessed for a moment.
It was a scroll of remove curse.
The adder barely misses you.
Unknown command.
As you read the scroll labeled XAIBAE KEDDA, it crumbles to dust.
You feel strangely unstable.
It was a scroll of teleportation.
The adder closely misses you.
Unknown command.
Unknown command.
Unknown command.
The adder bites you.
You die...

#### ...# ...########
..........#####
....#####.....####### ......#
#####...@.).######### #####.#
#####...S>.........# ..##..#
#..................#
..#..#####.###..............#
..#.#......# #..............#
....#.########..............#
..###..## ##..#####........#
..####..####..## ##########
...# ##...##...#


You could see an adder.

Vanquished Creatures
  A dart slug (D:1)
  2 leopard geckos (D:1)
  5 bats
  2 giant cockroaches (D:1)
  A goblin (D:1)
  2 hobgoblins (D:1)
  3 kobolds (D:1)
  5 frilled lizards (D:1)
  2 rats (D:1)
23 creatures vanquished.

Notes
Turn   | Place    | Note
-------+----------+-------------------------------------------
     0 | D:1      | Redear the Mummy Fighter began the quest for the Orb.
     0 | D:1      | Reached XP level 1. HP: 18/18 MP: 1/1
   132 | D:1      | Reached XP level 2. HP: 19/24 MP: 2/2
   516 | D:1      | HP: 2/24 [adder (1)]
   520 | D:1      | Slain by an adder

Levels and vault maps discovered:
D:1:      onia_arrival_mini_spirals, layout_rooms, minmay_tetromino_i4
D:2:      layout_loops_ring, grunt_ministairs_2, glass_columns_a,
          minmay_goblin_outpost

Action                   || total
-------------------------++-------
Melee: War axe           ||    71
  Use: Scroll            ||     2
Armor: Scale mail        ||    71
Dodge: Dodged            ||    54

Table legend:
 A = Non-vault XP
 B = Vault XP
 C = Vault XP percentage of total XP
 D = Non-vault monster count
 E = Vault monster count
 F = Vault count percentage of total count
                 A         B        C        D         E       F
            +---------+---------+-------+---------+---------+-------
      Total |      32 |       7 |  17.9 |      17 |       6 |  26.1
            +---------+---------+-------+---------+---------+-------
        D:1 |      32 |       6 |  15.8 |      17 |       5 |  22.7
        D:2 |       0 |       1 | 100.0 |       0 |       1 | 100.0
            +---------+---------+-------+---------+---------+-------
